 Dungeon Crawl Stone Soup version 0.28.0-47-ge53b351184 (webtiles) character file.

Game seed: 1340989683635912741

0 Keeper01 the Conjurer (level 1, 0/10 HPs)
             Began as a Deep Elf Conjurer on May 9, 2022.
             Slain by a hobgoblin (3 damage)
             ... on level 1 of the Dungeon.
             The game lasted 00:02:28 (57 turns).

Keeper01 the Conjurer (Deep Elf Conjurer)             Turns: 57, Time: 00:02:29

Health: 0/10       AC:  2    Str:  4    XL:     1   Next: 0%
Magic:  6/6        EV: 12    Int: 22    God:
Gold:   0          SH:  0    Dex: 13    Spells: 5/6 levels left

rFire   . . .      SeeInvis .   (no weapon)
rCold   . . .      Faith    .   (no shield)
rNeg    . . .      Spirit   .   a - +0 robe
rPois   .          Reflect  .   (no helmet)
rElec   .          Harm     .   (no cloak)
rCorr   .          Rampage  .   (no gloves)
Will    .....                   (no boots)
Stlth   ++........              (no amulet)
HPRegen 0.03/turn               (no ring)
MPRegen 0.10/turn               (no ring)

@: no status effects
A: no striking features
a: no special abilities


You were on level 1 of the Dungeon.
You visited 1 branch of the dungeon, and saw 1 of its levels.

Inventory:

Missiles
 b - a throwing net
Armour
 a - a +0 robe (worn)
Scrolls
 h - a scroll of immolation {unknown}


   Skills:
 + Level 2.4 Dodging
 + Level 2.4 Stealth
 + Level 3.0 Spellcasting
 + Level 4.3 Conjurations


You had 5 spell levels left.
You knew the following spells:

 Your Spells              Type           Power      Damage    Failure   Level
a - Magic Dart            Conj           88%        1d7       1%          1

Your spell library contained the following spells:

 Spells                   Type           Power      Damage    Failure   Level
 Searing Ray              Conj           44%        2d6       3%          2
 Dazzling Flash           Conj/Hex       24%        N/A       16%         3
 Fulminant Prism          Conj/Hex       6%         3d7       45%         4
 Iskenderun's Mystic Bla  Conj/Tloc      12%        2d5       45%         4


Dungeon Overview and Level Annotations

Branches:
Dungeon (1/15)

Altars:


Message History

h - a scroll labelled LYOXAS CUOVVOJYF The bat hits you but does no damage.
The bat barely misses you.
Sorry, you're not good enough to have a special ability.
You barely miss the bat. The bat hits you. The bat closely misses you.
The bat hits you but does no damage. The bat hits you but does no damage.
You hit the bat but do no damage. The bat hits you but does no damage.
The bat closely misses you.
You closely miss the bat.
The hobgoblin shouts!
You hear a shout!
The bat hits you. The bat hits you but does no damage.
You hear a shout!
You barely miss the bat. The bat closely misses you.
You barely miss the bat. The bat hits you.
You hit the hobgoblin but do no damage. The bat barely misses you.
The hobgoblin barely misses you.
You closely miss the hobgoblin. The bat barely misses you.
A rat comes into view.
The hobgoblin hits you. The bat hits you but does no damage.
The rat bites the plant.
The plant begins to die.
You hit the hobgoblin.
The hobgoblin is moderately wounded.
The bat hits you. The hobgoblin barely misses you.
You barely miss the hobgoblin.
The hobgoblin is moderately wounded.
The hobgoblin closely misses you. The bat barely misses you.
You hit the hobgoblin but do no damage.
The hobgoblin is moderately wounded.
The bat misses you. The hobgoblin completely misses you.
The bat barely misses you. The bat hits you but does no damage.
The bat hits you.
* * * LOW HITPOINT WARNING * * *
You closely miss the bat. The bat barely misses you.
The bat hits you but does no damage.
You barely miss the hobgoblin.
The hobgoblin is moderately wounded.
The bat hits you but does no damage. The hobgoblin barely misses you.
The bat barely misses you. x2; The hobgoblin hits you.
You die...

#.# #...#.....#
#.####.#.#..#..#
#.##...#....#..#
#.##.#.##...#..#
#.##...........#
#....#.###..#.##
######.###..#.##
#.#.gr....#
#.#@###..##
#...b##.........
####.#..P..PP..#
#....P..PPP.#
#...PPP.P.P.#
#.#.P.....?.#
#.#.P...g.P.#
#...PPP.PPP..


You could see a hobgoblin, a bat and a rat.

Vanquished Creatures (others)
  5 plants (D:1)
5 creatures vanquished.

Notes
Turn   | Place    | Note
-------+----------+-------------------------------------------
     0 | D:1      | Keeper01 the Deep Elf Conjurer began the quest for the Orb.
     0 | D:1      | Reached XP level 1. HP: 10/10 MP: 6/6
    57 | D:1      | Slain by a hobgoblin

Illustrated notes

Levels and vault maps discovered:
D:1:      dpeg_arrival_simpleton_b, layout_basic, nicolae_grassy_gnolls

Action                   || total
-------------------------++-------
Melee: Unarmed           ||    12
Armor: Robe              ||     9
Dodge: Dodged            ||    17
